 Dungeon Crawl Stone Soup version 0.28.0 (webtiles) character file.

Game seed: 7116281839737576867

0 Colgate the Conjurer (level 1, -1/13 HPs)
             Began as a Demonspawn Conjurer on Feb 17, 2022.
             Slain by a quokka (2 damage)
             ... on level 1 of the Dungeon.
             The game lasted 00:00:19 (81 turns).

Colgate the Conjurer (Demonspawn Conjurer)            Turns: 81, Time: 00:00:20

Health: -1/13      AC:  2    Str:  7    XL:     1   Next: 8%
Magic:  1/3        EV: 12    Int: 19    God:
Gold:   11         SH:  0    Dex: 11    Spells: 3/4 levels left

rFire   . . .      SeeInvis .   (no weapon)
rCold   . . .      Faith    .   (no shield)
rNeg    . . .      Spirit   .   a - +0 robe
rPois   .          Reflect  .   (no helmet)
rElec   .          Harm     .   (no cloak)
rCorr   .          Rampage  .   (no gloves)
Will    .....                   (no boots)
Stlth   ++........              (no amulet)
HPRegen 0.04/turn               (no ring)
MPRegen 0.08/turn               (no ring)

@: no status effects
A: no striking features
a: no special abilities


You were on level 1 of the Dungeon.
You visited 1 branch of the dungeon, and saw 1 of its levels.

You collected 11 gold pieces.

Inventory:

Armour
 a - a +0 robe (worn)
Scrolls
 b - a scroll of vulnerability {unknown}


   Skills:
 - Level 1.7 Dodging
 - Level 1.7 Stealth
 - Level 2.0 Spellcasting
 + Level 4.0 Conjurations


You had 3 spell levels left.
You knew the following spells:

 Your Spells              Type           Power      Damage    Failure   Level
a - Magic Dart            Conj           68%        1d6       3%          1

Your spell library contained the following spells:

 Spells                   Type           Power      Damage    Failure   Level
 Searing Ray              Conj           34%        2d5       4%          2
 Dazzling Flash           Conj/Hex       18%        N/A       22%         3
 Fulminant Prism          Conj/Hex       4%         3d6       58%         4
 Iskenderun's Mystic Bla  Conj/Tloc      9%         2d4       58%         4


Dungeon Overview and Level Annotations

Branches:
Dungeon (1/15)

Altars:


Message History

You are very lightly contaminated with residual magic.
Nothing appears to happen.
Casting: Magic Dart (safe; 3% risk of failure)
Confirm with . or Enter, or press ? or * to list all spells.
Aiming: Magic Dart (safe; 3% risk of failure)
Press: ? - help, Shift-Dir - straight line, f/p - quokka
Aim: a quokka (moderately wounded, 100% to hit)
The magic dart hits the quokka.
The quokka is severely wounded.
The quokka barely misses you.
You miss the quokka.
The quokka is severely wounded.
The quokka barely misses you. The quokka bites you.
You barely miss the quokka.
The quokka is severely wounded.
The quokka closely misses you.
You miss the quokka.
The quokka is severely wounded.
The quokka closely misses you.
You closely miss the quokka.
The quokka is severely wounded.
The quokka barely misses you.
You closely miss the quokka.
The quokka is severely wounded.
The quokka misses you.
Your magical contamination has completely faded away.
You miss the quokka.
The quokka is severely wounded.
The quokka barely misses you. The quokka bites you.
You completely miss the quokka.
The quokka is severely wounded.
The quokka barely misses you.
You miss the quokka.
The quokka is severely wounded.
The quokka bites you.
* * * LOW HITPOINT WARNING * * *
You closely miss the quokka.
The quokka is severely wounded.
The quokka bites you.
You die...

#≈≈≈≈h##. #≈≈≈≈≈hh.
#++##≈≈≈≈≈#
#..≈≈≈≈≈##...
#######.......+. #
..............+.#####?#
........≈≈≈≈≈≈##......
.≈≈≈≈≈≈≈≈≈≈≈≈≈≈≈r..#
≈≈♣♣♣♣≈≈≈≈≈≈≈≈≈≈@..#
≈♣♣..♣♣≈≈≈..≈≈≈≈####
....<.♣≈≈....≈≈≈#
≈♣♣..♣♣≈≈≈....≈.#
≈≈♣♣♣♣≈≈≈♣♣♣....# ###
###♣♣ ♣♣♣..# ♣###


You could see a quokka.

Vanquished Creatures
  A rat (D:1)
1 creature vanquished.

Notes
Turn   | Place    | Note
-------+----------+-------------------------------------------
     0 | D:1      | Colgate the Demonspawn Conjurer began the quest for the
                  | Orb.
     0 | D:1      | Reached XP level 1. HP: 13/13 MP: 3/3
    81 | D:1      | Slain by a quokka

Illustrated notes

Levels and vault maps discovered:
D:1:      sevenhm_arrival_forest_fort_large_1, layout_loops_ring, serial_rivers,
          chequers_serial_rivers_micro_e, chequers_serial_rivers_micro_c,
          chequers_serial_rivers_small_a, chequers_serial_rivers_small_3,
          minivault_25, chequers_serial_rivers_micro_d, kennysheep_another_room,
          chequers_jeans, minmay_tripent

Action                   || total
-------------------------++-------
Melee: Unarmed           ||     9
 Cast: Magic Dart        ||     3
Dodge: Dodged            ||     8
